AoeStats
← 小尚

African Clearing

510589419Analyzed
4v4 RM · 10h ago on Oct 1, 2026· 73m 7s· 8 players
Game mode
Random Map
Map size
Large (8 player)
Population
200
Speed
Normal
Resources
Standard
Victory
Conquest
Starting age
Dark Age
Ending age
Imperial Age
RankedLock teamsTeams togetherTeam positionsShared explorationLock speedFull tech treeHidden civsTurbo modeCheats
Victory
Defeat
🇪🇸 Cumans · Spain
1242
+13
🇺🇸 Burgundians · United States
1216
+14
🇩🇪 Italians · Germany
1181
+16
🇩🇪 Spanish · Germany
1162
+17
🇨🇳 Huns · China
1202
-16
🇹🇼 Vietnamese · Taiwan
1179
-15
🇨🇳 Huns · China
1177
-15
🇸🇪 Persians · Sweden
1148
-14
T.Mücke_63
13:03 Feudal Age
17:14 Castle Age
15:25 Double-Bit Axe
15:45 Loom
15:47 Town Watch
15:53 Horse Collar
18:30 Bow Saw
18:52 Heavy Plow
20:12 Wheelbarrow
20:58 Stone Mining
24:14 Gold Mining
27:48 Fletching
32:20 Imperial Age
31:42 Stone Shaft Mining
31:06 Bodkin Arrow
31:11 Padded Archer Armor
31:35 Ballistics
31:25 Fortified Wall
31:47 Thumb Ring
33:02 Bracer
35:06 Leather Archer Armor
35:53 Chemistry
35:04 Masonry
36:10 Two-Man Saw
37:54 Ring Archer Armor
40:06 Conscription
42:31 Elite Genoese Crossbowman
44:24 Elite Skirmisher
54:39 Architecture
58:39 Murder Holes
60:20 Crossbowman
60:53 Arbalester
69:14 Crop Rotation
Nodda
5:55 Loom
15:37 Feudal Age
20:31 Castle Age
19:51 Fletching
22:02 Double-Bit Axe
22:23 Bodkin Arrow
23:12 Horse Collar
28:43 Padded Archer Armor
34:54 Wheelbarrow
40:15 Imperial Age
39:29 Hand Cart
44:52 Pikeman
45:34 Scale Mail Armor
45:45 Forging
46:03 Conscription
46:38 Halberdier
48:09 Chain Mail Armor
49:53 Plate Mail Armor
71:16 Bow Saw
73:19 Iron Casting
73:12 Squires
73:03 Arson
Zikane
4:13 Loom
12:35 Feudal Age
13:12 Double-Bit Axe
15:22 Wheelbarrow
15:45 Horse Collar
19:45 Forging
22:15 Bloodlines
27:25 Castle Age
26:57 Scale Barding Armor
29:15 Chain Barding Armor
35:12 Heavy Plow
36:51 Gold Mining
37:17 Bow Saw
38:10 Iron Casting
38:20 Gold Shaft Mining
38:00 Capped Ram
42:55 Hand Cart
46:09 Imperial Age
46:22 Cavalier
47:39 Plate Barding Armor
48:21 Paladin
52:23 Blast Furnace
56:36 Siege Ram
61:26 Fletching
petey_hs
5:28 Loom
12:49 Feudal Age
18:02 Castle Age
30:43 Scale Barding Armor
33:34 Elite Skirmisher
35:24 Forging
36:47 Fletching
38:42 Wheelbarrow
38:14 Horse Collar
40:36 Iron Casting
42:01 Chain Barding Armor
43:01 Squires
44:34 Hand Cart
44:04 Town Watch
48:28 Imperial Age
45:50 Gold Mining
45:52 Stone Mining
46:35 Bodkin Arrow
46:44 Husbandry
48:19 Gold Shaft Mining
48:19 Stone Shaft Mining
47:32 Double-Bit Axe
47:50 Heavy Plow
48:38 Elite Coustillier
49:06 Pikeman
50:42 Conscription
51:41 Bow Saw
52:10 Crop Rotation
51:09 Halberdier
51:34 Treadmill Crane
53:48 Chemistry
53:58 Blast Furnace
52:58 Scale Mail Armor
56:16 Chain Mail Armor
56:02 Bracer
56:56 Padded Archer Armor
58:05 Plate Mail Armor
64:26 Plate Barding Armor
63:51 Padded Archer Armor
64:32 Ballistics
64:24 Masonry
64:16 Murder Holes
64:31 Masonry
67:01 Burgundian Vineyards
69:21 Arson
69:56 Leather Archer Armor
73:03 Spies/Treason
Ta.ToM
13:10 Feudal Age
11:26 Loom
13:14 Feudal Age
14:25 Town Watch
15:15 Wheelbarrow
14:41 Double-Bit Axe
14:53 Gold Mining
15:30 Fletching
15:41 Padded Archer Armor
17:17 Horse Collar
22:36 Castle Age
22:14 Stone Mining
23:17 Bodkin Arrow
23:25 Crossbowman
32:23 Bow Saw
34:25 Hand Cart
37:24 Ballistics
40:43 Leather Archer Armor
41:45 Elite Skirmisher
47:19 Stone Shaft Mining
60:04 Imperial Age
60:46 Bracer
61:17 Ring Archer Armor
61:49 Chemistry
61:39 Elite Rattan Archer
CNZS_carlar
6:17 Loom
15:20 Feudal Age
23:21 Castle Age
31:58 Double-Bit Axe
34:01 Bow Saw
33:44 Gold Mining
36:01 Fletching
37:41 Wheelbarrow
38:03 Bodkin Arrow
39:20 Thumb Ring
39:39 Ballistics
39:35 Elite Skirmisher
46:05 Imperial Age
47:59 Imperial Age
48:22 Hand Cart
50:36 Imperial Skirmisher
52:41 Bracer
52:58 Pikeman
53:35 Halberdier
55:59 Scale Mail Armor
57:29 Chain Mail Armor
Hurgha
3:28 Loom
14:04 Feudal Age
15:37 Town Watch
15:43 Double-Bit Axe
20:20 Castle Age
22:18 Wheelbarrow
24:04 Hand Cart
28:31 Bow Saw
30:18 Elite Skirmisher
31:03 Thumb Ring
31:02 Fletching
43:23 Imperial Age
40:52 Bodkin Arrow
42:30 Husbandry
42:40 Bloodlines
43:49 Scale Barding Armor
43:55 Forging
43:24 Cavalier
44:56 Capped Ram
46:33 Iron Casting
49:24 Imperial Skirmisher
60:00 Blast Furnace
小尚
10:35 Loom
13:26 Feudal Age
14:09 Double-Bit Axe
16:17 Wheelbarrow
18:23 Stone Mining
18:27 Horse Collar
21:28 Castle Age
20:37 Gold Mining
21:14 Scale Barding Armor
22:34 Wheelbarrow
22:40 Bow Saw
24:28 Chain Barding Armor
26:10 Forging
26:41 Husbandry
26:54 Bloodlines
32:32 Iron Casting
39:41 Imperial Age
38:48 Gold Shaft Mining
39:17 Fletching
40:52 Hand Cart
41:15 Plate Barding Armor
42:04 Elite Tarkan
43:09 Conscription
44:36 Blast Furnace
43:32 Bodkin Arrow
47:46 Bracer
72:44 Murder Holes
73:10 Ballistics
Connection lost

Rejoining the realm…

Still unreachable

The connection could not be restored.

Session expired

The server has moved on; the page needs a fresh start.